 Dungeon Crawl Stone Soup version 0.17-a0-802-g1f09329 (webtiles) character file.

84 oplop the Digger (level 4, -3/24 HPs)
             Began as a Gargoyle Earth Elementalist on Apr 26, 2015.
             Slain by Sigmund
             ... wielding a +0 scythe
              (4 damage)
             ... on level 2 of the Dungeon.
             The game lasted 00:04:27 (1302 turns).

oplop the Digger (Gargoyle Earth Elementalist)      Turns: 1302, Time: 00:04:28

Health: -3/24      AC:  7    Str: 11    XL:     4   Next: 46%
Magic:  0/9        EV: 11    Int: 17    God:
Gold:   127        SH:  0    Dex: 10    Spells: 3 memorised, 3 levels left

rFire  . . .     SeeInvis .     e - -3 short sword (curse)
rCold  . . .     Clarity  .     g - +0 leather armour
rNeg   + . .     SustAb   .     (no shield)
rPois  ∞         Gourm    .     n - +0 helmet
rElec  +         Spirit   .     (no cloak)
rCorr  .         Warding  .     (no gloves)
rMut   .         Stasis   .     (no boots)
MR     .....                    (no amulet)
Stlth  ++........               (no ring)
                                l - ring of wizardry

@: not resistant to hostile enchantments, unstealthy
A: negative energy resistance 1, electricity resistance, unbreathing,
petrification resistance, rot immunity, AC +3
a: no special abilities


You were on level 2 of the Dungeon.
You were hungry.

You visited 1 branch of the dungeon, and saw 2 of its levels.

You collected 127 gold pieces.

Inventory:

Hand weapons
 e - a cursed -3 short sword (weapon)
 h - a cursed +0 dagger
 i - a +0 whip
 m - a +2 mace of pain
Missiles
 a - 65 stones (quivered)
Armour
 g - a +0 leather armour (worn)
 n - a +0 helmet (worn)
Jewellery
 l - a ring of wizardry (left hand)
Scrolls
 f - a scroll of identify
 j - 2 scrolls of blinking
Books
 c - a book of Geomancy

   Spells                             Type                      Level
   a - Sandblast                      Earth                        1
   b - Stoneskin                      Transmutation/Earth          2
   c - Passwall                       Transmutation/Earth          3
   d - Stone Arrow                    Conjuration/Earth            3
   e - Petrify                        Transmutation/Earth          4
   f - Lee's Rapid Deconstruction     Earth                        5
Comestibles
 d - 2 bread rations
 k - a meat ration


   Skills:
 - Level 1.5 Dodging
 - Level 2.1 Stealth
 + Level 3.3 Spellcasting
 - Level 0.7 Transmutations
 + Level 4.9 Earth Magic


You had 3 spell levels left.
You knew the following spells:

 Your Spells              Type           Power        Failure   Level  Hunger
a - Sandblast             Erth           ###...       1%          1    None
b - Stoneskin             Trmt/Erth      ##......     4%          2    ##.....
c - Stone Arrow           Conj/Erth      ##....       12%         3    ###....


Dungeon Overview and Level Annotations

Branches:
Dungeon (2/15)

Altars:

Annotations:
D:2 Sigmund


Innate Abilities, Weirdness & Mutations

You are resistant to torment.
Your stone body is resilient (AC +3).
You are immune to poison.
You resist negative energy.
You are resistant to electric shocks.
You can survive without breathing.
You are immune to petrification.
You are immune to rotting.


Message History

Confirm with . or Enter, or press ? or * to list all spells.
Aiming: Sandblast
Press: ? - help, Shift-Dir - straight line, f/p - Sigmund
Aim: Sigmund, wielding a scythe and wearing a robe (moderately wounded)
The blast of sand hits Sigmund.
Sigmund is severely wounded.
Drink which item? (? for menu, Esc to quit)
It was a potion of restore abilities.
You feel refreshed.
Sigmund points at you and mumbles some strange words.
The puff of flame hits you!
* * * LOW HITPOINT WARNING * * *
Unknown command.
Casting: Sandblast
Confirm with . or Enter, or press ? or * to list all spells.
Aiming: Sandblast
Press: ? - help, Shift-Dir - straight line, f/p - Sigmund
Aim: Sigmund, wielding a scythe and wearing a robe (severely wounded)
The blast of sand misses Sigmund.
Sigmund hits you from afar with a scythe.
You die...

#.# ##).# #..#
#g##########)..###.. #@.##
#.g.gg.g.g...#...........#
############...###..##...#
##............#
#.........<..#
#@####..####.# #)# # .#
#.# #@# # . ..# #.# #.#
#.# #.####.### #.#####
#.##.....###... . #.##.#
#..†..####. #....#
#.......).#
#....###......###.
#.##.....###..# ##
#.###...## #..# #


You could see Sigmund.

Vanquished Creatures
  Robin (D:2)
  2 adders (D:2)
  A worm (D:2)
  A ball python (D:1)
  2 giant cockroaches
  2 hobgoblins
  2 jackals (D:2)
  6 kobolds
  9 bats
  2 giant geckos (D:1)
  2 giant newts (D:2)
  15 goblins
  9 rats
54 creatures vanquished.

Notes
Turn   | Place    | Note
--------------------------------------------------------------
     0 | D:1      | oplop, the Gargoyle Earth Elementalist, began the quest for the Orb.
     0 | D:1      | Reached XP level 1. HP: 10/10 MP: 3/3
    66 | D:1      | Reached XP level 2. HP: 7/15 MP: 0/5
   224 | D:1      | Reached skill level 4 in Earth Magic
   534 | D:1      | Reached XP level 3. HP: 16/19 MP: 5/7
   900 | D:2      | Noticed Robin
   960 | D:1      | Reached XP level 4. HP: 21/24 MP: 0/8
  1004 | D:1      | Learned a level 2 spell: Stoneskin
  1008 | D:1      | Learned a level 3 spell: Stone Arrow
  1031 | D:2      | Noticed Sigmund
  1164 | D:2      | Killed Robin
  1301 | D:2      | HP: 1/24 [Sigmund/puff of flame (6)]
  1302 | D:2      | Slain by Sigmund

Action                   |  1- 3 |  4- 6 || total
-------------------------+-------+-------++-------
Melee: Short sword       |    76 |    18 ||    94
       Unarmed           |     1 |       ||     1
 Cast: Sandblast         |    66 |    25 ||    91
  Use: Scroll            |     2 |       ||     2
       Potion            |       |     1 ||     1
 Stab: Sleeping          |     1 |       ||     1
  Eat: Chunk             |     1 |       ||     1
